 Dungeon Crawl Stone Soup version 0.30.0-10-gfe55d96785 (webtiles) character file.

Game seed: 15523903750267099444

611 monsoonserge the Chopper (level 8, -1/67 HPs)
             Began as a Meteoran Fighter on May 15, 2023.
             Was an Initiate of Gozag.
             Slain by a wraith (4 damage)
             ... on level 6 of the Dungeon.
             The game lasted 00:14:26 (2206 turns).

monsoonserge the Chopper (Meteoran Fighter)         Turns: 2206, Time: 00:14:27

Health: -1/67      AC: 14    Str: 20    XL:     8   Next: 3%
Magic:  9/9        EV:  9    Int:  9    God:    Gozag
Gold:   389        SH:  5    Dex: 14    Spells: 7/7 levels left

rFire   + . .        s - +0 war axe
rCold   . . .        c - +0 buckler
rNeg    . . .        q - +2 chain mail {rF+}
rPois   .            y - +1 hat
rElec   .            (no cloak)
rCorr   .            (no gloves)
SInv    .            p - +0 pair of boots
Will    +....        (no amulet) Stlth
                     (no ring)
HPRegen 0.31/turn    (no ring)
MPRegen 0.11/turn

%: no passive effects
@: mighty, slowed, glowing, very slow
A: sense surroundings 1, otherworldly, glowing, explore regen
a: Renounce Religion, Potion Petition, Call Merchant, Bribe Branch


You were on level 6 of the Dungeon.
You worshipped Gozag.
Gozag was aware of your devotion.
You visited 1 branch of the dungeon, and saw 6 of its levels.

You collected 389 gold pieces.

Inventory:

Hand Weapons
 a - a +0 flail
 s - a +0 war axe (weapon)
Missiles
 m - 8 boomerangs (quivered)
 t - a throwing net
 z - 3 poisoned darts
Armour
 b - a +0 scale mail
 c - a +0 buckler (worn)
 p - a +0 pair of boots (worn)
 q - a +2 chain mail of fire resistance (worn)
 y - a +1 hat (worn)
Jewellery
 w - a ring of wizardry
Wands
 A - a wand of roots (6)
Scrolls
 e - 2 scrolls of teleportation {unknown}
 g - 2 scrolls of fear {unknown}
 h - 4 scrolls of identify {unknown}
 k - a scroll of enchant armour {unknown}
 n - 2 scrolls of vulnerability {unknown}
 r - 2 scrolls of brand weapon {unknown}
 u - a scroll of enchant weapon {unknown}
 x - a scroll of immolation {unknown}
Potions
 f - a potion of berserk rage {unknown}
 i - a potion of magic {unknown}
 j - a potion of mutation {unknown}
 l - a potion of heal wounds {unknown}
 o - a potion of curing {unknown}
 v - 2 potions of brilliance {unknown}


   Skills:
 + Level 4.9 Fighting
 + Level 5.7(6.1) Axes
 - Level 3.6(5.4) Maces & Flails
 + Level 5.2 Armour
 + Level 2.8 Dodging
 + Level 4.4 Shields


You had 7 spell levels left.
You didn't know any spells.
Your spell library contained the following spells:

 Spells                   Type           Power      Damage    Failure   Level
 Magic Dart               Conj           0%         1d3       98%         1
 Call Imp                 Summ           0%         N/A       99%         2
 Static Discharge         Conj/Air       0%         2-2/arc   99%         2
 Mephitic Cloud           Conj/Pois/Air  0%         N/A       100%        3
 Airstrike                Air            0%         2d(0-16)  100%        4
 Summon Lightning Spire   Summ/Air       0%         N/A       100%        4


Dungeon Overview and Level Annotations

Branches:
Dungeon (6/15) Zot: 1296
 Temple: D:4-7

Altars:
Cheibriados
Gozag
Ru
Vehumet

Shops:
D:5 ==(


Innate Abilities, Weirdness & Mutations

You passively map a small area around you.
You are easily found by Zot.
You glow in the dark.
You regain HP and MP as you explore.


Message History

The wraith is moderately damaged.
The wraith hits you!
* * * LOW HITPOINT WARNING * * *
The wraith hits you!
* * * LOW HITPOINT WARNING * * *
The wraith drains your vigour!
You feel as though you will be slow longer.
Okay, then.
You feel very mighty all of a sudden. The wraith closely misses you.
You slice the wraith!!
The wraith is severely damaged.
The wraith barely misses you. You block the wraith's attack.
A manticore comes into view.
You closely miss the wraith.
The wraith is severely damaged.
The wraith closely misses you. The wraith hits you.
* * * LOW HITPOINT WARNING * * *
The wraith drains your vigour!
You feel as though you will be slow longer.
You barely miss the wraith.
The wraith is severely damaged.
The wraith hits you but does no damage.
You barely miss the wraith.
The wraith is severely damaged.
You hear the slow rusting of a very distant drain.
The wraith hits you.
* * * LOW HITPOINT WARNING * * *
The wraith hits you but does no damage.
You barely miss the wraith.
The wraith is severely damaged.
The wraith closely misses you. The wraith hits you!
* * * LOW HITPOINT WARNING * * *
The wraith drains your vigour!
You feel as though you will be slow longer.
You barely miss the wraith.
The wraith is severely damaged.
The wraith hits you but does no damage. The wraith hits you.
You die...
Your body crumbles into a pile of gold.

, , , , , * * * * ** , # #
, * # * * * ,#. * # , *, .#
## # H#. #### # * * **#W#
#..########### * *
####@####............ #.*
#.....##..########### #.
#.######.## # #.* #....#
#.# #### #.
####.###.#########.## #.
#................. #.
#.###.#...........
#.########.##....####.....#
#................# #..#.##


You could see a manticore and a wraith.

Vanquished Creatures
  A black bear (D:5)
  An ogre (D:5)
  A bullfrog (D:6)
  A howler monkey (D:4)
  A hound (D:3)
  An orc priest (D:4)
  A gnoll bouda (D:4)
  A sleepcap (D:5)
  An orc wizard (D:4)
  An iguana (D:5)
  9 gnolls (D:4)
  An adder (D:2)
  A worm (D:2)
  4 dart slugs (D:1)
  10 orcs
  4 endoplasms
  6 goblins
  8 hobgoblins
  2 quokkas
  7 ball pythons
  3 bats
  2 frilled lizards (D:1)
  A kobold (D:2)
  3 rats
71 creatures vanquished.

Notes
Turn   | Place    | Note
-------+----------+-------------------------------------------
     0 | D:1      | monsoonserge the Meteoran Fighter began the quest for the
                  | Orb.
     0 | D:1      | Reached XP level 1. HP: 19/19 MP: 2/2
   115 | D:1      | Reached XP level 2. HP: 26/26 MP: 3/3
   277 | D:1      | Reached XP level 3. HP: 31/31 MP: 4/4
   595 | D:2      | Reached XP level 4. HP: 40/40 MP: 5/5
   686 | D:2      | Reached skill level 1 in Dodging
   703 | D:2      | Found a faded altar of an unknown god.
   707 | D:2      | Prayed at the altar of an unknown god.
   707 | D:2      | Became a worshipper of Gozag Ym Sagoz the Greedy
  1296 | D:3      | Reached XP level 5. HP: 39/46 MP: 6/6
  1353 | D:4      | Reached skill level 1 in Axes
  1383 | D:5      | Entered Level 5 of the Dungeon
  1439 | D:4      | Reached XP level 6. HP: 39/53 MP: 7/7
  1562 | D:4      | Reached XP level 7. HP: 21/60 MP: 8/8
  1711 | D:4      | Found a snail-covered altar of Cheibriados.
  1711 | D:4      | Found a sacrificial altar of Ru.
  1714 | D:4      | Found a radiant altar of Vehumet.
  1749 | D:5      | Found Qeasul's Jewellery Shop.
  1749 | D:5      | Found Toattiuc's Jewellery Shop.
  1749 | D:5      | Found Vuest's Weapon Shop.
  2021 | D:5      | Reached skill level 5 in Armour
  2049 | D:5      | Reached skill level 5 in Axes
  2075 | D:5      | Noticed a yak
  2075 | D:5      | Noticed a yak
  2075 | D:5      | Noticed a yak
  2075 | D:5      | Noticed a yak
  2088 | D:6      | Reached XP level 8. HP: 62/67 MP: 9/9
  2184 | D:6      | Noticed a wraith
  2201 | D:6      | Noticed a manticore
  2205 | D:6      | HP: 2/67 [wraith (8)]
  2206 | D:6      | Slain by a wraith

Illustrated notes

Levels and vault maps discovered:
D:1:      dpeg_arrival_concentric_ovals, layout_basic
D:2:      layout_loops_cross, hellmonk_ecumenical_altar_heavens_door
D:3:      layout_basic, serial_shops, nicolae_shop_overgrown_old_shop,
          uniq_natasha
D:4:      layout_basic, grunt_temple_overflow_open
D:5:      layout_gridville, nicolae_shop_distant_corner_stores
D:6:      minmay_cornered_nines, layout_loops_ring, portal_sewer_entry_e,
          nzn_random_ring

Skill      XL: |  1  2  3  4  5  6  7 |
---------------+----------------------+-----
Maces & Flails | 3 |  3.6
Armour         | 4 5 |  5.2
Shields        | 4 |  4.4
Dodging        | 1 2 |  2.8
Fighting       | 4 |  4.9
Axes           | 1 3 5 |  5.7

Action                     |  1- 3 |  4- 6 |  7- 9 || total
---------------------------+-------+-------+-------++-------
  Melee: Flail             |    82 |    38 |       ||   120
         War axe           |       |    74 |    68 ||   142
  Throw: Boomerang         |       |       |     1 ||     1
    Use: Potion            |       |       |     1 ||     1
 Armour: Scale mail        |    50 |    12 |       ||    62
         Chain mail        |       |    58 |    57 ||   115
  Dodge: Dodged            |    36 |    46 |    35 ||   117
  Block: Buckler           |    32 |    35 |    20 ||    87
